 Dungeon Crawl Stone Soup version 0.27-a0-1147-gb3d8e82157 (webtiles) character file.

Game seed: 16976654610385854932

298 Bapho the Cudgeller (level 6, -2/37 HPs)
             Began as a Gargoyle Monk on May 11, 2021.
             Slain by a river rat (3 damage)
             ... in a sewer.
             The game lasted 00:06:15 (4097 turns).

Bapho the Cudgeller (Gargoyle Monk)                 Turns: 4097, Time: 00:06:16

Health: -2/37      AC:  9    Str: 16    XL:     6   Next: 36%
Magic:  6/6        EV: 11    Int: 11    God:
Gold:   139        SH:  0    Dex: 12    Spells: 5/5 levels left

rFire    . . .     SeeInvis .   m - +0 morningstar
rCold    . . .     Faith    .   (no shield)
rNeg     + . .     Spirit   .   e - +0 ring mail
rPois    ∞         Reflect  .   (no helmet)
rElec    +         Harm     .   (no cloak)
rCorr    .         Rampage  .   (no gloves)
Will     +....                  (no boots)
Stlth    +.........             (no amulet)
HPRegen  0.12/turn              d - ring of willpower
MPRegen  0.10/turn              (no ring)

@: very slightly contaminated, hasted, invisible (expiring), very quick
A: sickness immunity, AC +4, negative energy resistance 1, electricity
resistance, torment resistance 1, petrification resistance
a: no special abilities


You were in a sewer.
You visited 1 branch of the dungeon, and saw 4 of its levels.
You also visited: Sewer.

You collected 139 gold pieces.

Inventory:

Hand Weapons
 a - a +0 mace
 m - a +0 morningstar (weapon)
Missiles
 c - 74 stones (quivered)
Armour
 b - a +0 robe
 e - a +0 ring mail (worn)
Jewellery
 d - a ring of willpower (left hand)
Potions
 f - a potion of cancellation
 h - a potion of curing
 j - 3 potions of brilliance


   Skills:
 - Level 3.2 Fighting
 + Level 6.9 Maces & Flails
 - Level 2.4 Dodging
 - Level 2.1 Stealth


You had 5 spell levels left.
You didn't know any spells.
Your spell library was empty.

Dungeon Overview and Level Annotations

Branches:
Dungeon (4/15)              Sewer (1/1)
 Temple: D:4-7

Altars:
Ru
Sif Muna
Trog

Shops:
D:3 *


Innate Abilities, Weirdness & Mutations

You are immune to sickness and miasma.
Your stone body is resilient. (AC +4)
You are immune to poison.
You resist negative energy. (rN+)
You are resistant to electric shocks. (rElec)
You are resistant to unholy torment.
You are immune to petrification.


Message History

You sock the rat!
You kill the rat!
The river rat barely misses you. The rat bites you but does no damage.
The river rat bites you. x2
* * * LOW HITPOINT WARNING * * *
Things that are here:
a rat corpse; a river rat corpse You are too injured to fight recklessly!
You puncture the river rat!
The river rat is severely wounded.
The rat closely misses you.
You hit the river rat but do no damage.
The river rat is moderately wounded.
The river rat closely misses you.
You barely miss the river rat.
The river rat is moderately wounded.
The rat misses you. The river rat closely misses you. The river rat bites you.
* * * LOW HITPOINT WARNING * * *
You closely miss the river rat.
The river rat is severely wounded.
The rat bites you but does no damage. The river rat closely misses you.
You closely miss the river rat.
The river rat is severely wounded.
You flicker for a moment.
The river rat bites you but does no damage.
The rat bites you but does no damage.
You hit the river rat.
The river rat is almost dead.
The river rat closely misses you.
You hit the river rat.
You kill the river rat!
The rat bites you but does no damage.
You hit the river rat.
The river rat is severely wounded.
The rat barely misses you. The river rat bites you.
* * * LOW HITPOINT WARNING * * *
You closely miss the river rat.
The river rat is severely wounded.
The rat barely misses you. The river rat bites you.
You die...

#≈≈#†.≈# #≈≈≈≈≈≈#
#≈≈≈≈†≈# #≈≈≈≈≈≈#
#≈≈≈≈≈≈# #≈≈≈#≈≈#
#≈≈≈≈≈≈# #≈≈≈≈≈≈#
#≈≈≈≈≈≈# #≈≈≈≈≈≈#
#≈≈≈≈≈≈# #≈≈≈≈≈≈#
##..≈≈## ##...≈.#
#......## ##r.....#
##......##
##@r....##
#.......###.......#
##...............##
####.........####
####...#### #####


You could see a river rat and a rat.

Vanquished Creatures
  Jessica (D:2)
  3 orc wizards
  2 gnolls (D:1)
  2 river rats (Sewer)
  7 adders
  A dart slug (D:2)
  7 orcs
  5 bats
  3 endoplasms
  7 giant cockroaches
  8 goblins
  6 hobgoblins
  7 jackals
  7 quokkas
  3 ball pythons
  3 frilled lizards
  3 kobolds
  17 rats
92 creatures vanquished.

Notes
Turn   | Place    | Note
-------+----------+-------------------------------------------
     0 | D:1      | Bapho the Gargoyle Monk began the quest for the Orb.
     0 | D:1      | Reached XP level 1. HP: 14/14 MP: 1/1
   500 | D:1      | Reached XP level 2. HP: 18/19 MP: 2/2
   732 | D:1      | Reached skill level 4 in Maces & Flails
   821 | D:1      | Reached XP level 3. HP: 6/23 MP: 3/3
  1793 | D:2      | Reached XP level 4. HP: 22/28 MP: 4/4
  1992 | D:2      | Noticed Jessica
  2000 | D:2      | Killed Jessica
  2001 | D:2      | Reached skill level 5 in Maces & Flails
  2168 | D:2      | Reached XP level 5. HP: 31/32 MP: 5/5
  2492 | D:2      | Found a faded altar of an unknown god.
  2790 | D:3      | Found Pakum's General Store.
  3275 | D:3      | Reached skill level 6 in Maces & Flails
  3786 | D:4      | Found a bloodstained altar of Trog.
  3814 | D:4      | Found a shimmering blue altar of Sif Muna.
  3830 | D:4      | Found a sacrificial altar of Ru.
  3841 | D:4      | Reached XP level 6. HP: 32/37 MP: 6/6
  3925 | D:4      | Found a glowing drain.
  3952 | Sewer    | Entered a sewer
  4096 | Sewer    | HP: 1/37 [river rat (5)]
  4097 | Sewer    | Slain by a river rat

Illustrated notes

Levels and vault maps discovered:
D:1:      dpeg_arrival_prison, layout_basic, minmay_misc_feat_rugged,
          st_stairs_13, minmay_misc_feat_nine_boxes, minmay_heptomino_o4
D:2:      layout_loops_cross, shapermc_ecumenical_altar_mp_vishouse,
          uniq_jessica
D:3:      layout_loops_ring, serial_rivers, chequers_serial_rivers_small_b,
          chequers_serial_rivers_large_a, chequers_serial_rivers_micro_d,
          chequers_serial_rivers_large_b, serial_shops, shop
D:4:      layout_layer_cave, nicolae_overflow_hidden_temple,
          nicolae_ru_great_annihilating_truth, lemuel_round_altar,
          lemuel_round_altar, enter_ossuary_4, portal_sewer_entry_f,
          uniq_eustachio, uniq_menkaure
Sewer:    sewer_minmay_w

Skill      XL: |  1  2  3  4  5 |
---------------+----------------+-----
Maces & Flails | 4 5 6 |  6.9
Fighting       | |  3.2
Dodging        | |  2.4
Stealth        | |  2.1

Action                   |  1- 3 |  4- 6 || total
-------------------------+-------+-------++-------
Melee: Mace              |   130 |   104 ||   234
       Morningstar       |       |   118 ||   118
Throw: Stone             |    71 |   111 ||   182
  Use: Scroll            |       |     4 ||     4
       Potion            |       |     3 ||     3
 Stab: Sleeping          |       |     1 ||     1
       Invisible         |       |     4 ||     4
       Paralysed         |       |     1 ||     1
Armor: Robe              |    12 |       ||    12
       Ring mail         |    55 |   111 ||   166
Dodge: Dodged            |    89 |   133 ||   222

Table legend: (Time is in decaauts)
 A = Elapsed time spent in this place.
 B = Non-inter-level travel time spent in this place.
 C = Inter-level travel time spent in this place.
 D = Time resting spent in this place.
 E = Time spent auto-exploring this place.
 F = Levels seen in this place.
 G = Mean time per level.
                   A        B        C        D        E       F      G
               +--------+--------+--------+--------+--------+-----+--------+
         Total |   4234 |   4142 |     92 |      0 |   3290 |   5 |  846.8 |
       Dungeon |   4062 |   3970 |     92 |      0 |   3241 |   4 | 1015.5 |
         Sewer |    171 |    171 |      0 |      0 |     49 |   1 |  171.0 |
               +--------+--------+--------+--------+--------+-----+--------+

Top non-repeatable levels by time:
     D:1: 1716 daAuts
     D:3: 1005 daAuts
     D:2: 941 daAuts
     D:4: 400 daAuts
   Sewer: 171 daAuts
